 Dungeon Crawl Stone Soup version 0.26-a0-1132-ge9770dfcb6 (webtiles) character file.

Game seed: 2766026806645771515

57 DungeonDestroyer the Skirmisher (level 4, -6/41 HPs)
             Began as a Gnoll Abyssal Knight on Dec 20, 2020.
             Was a Follower of Lugonu.
             Mangled by an ice beast (11 damage)
             ... on level 2 of the Dungeon.
             The game lasted 00:05:11 (1495 turns).

DungeonDestroyer the Skirmisher (GnAK)              Turns: 1495, Time: 00:05:12

Health: -6/41      AC:  8    Str: 15    XL:     4   Next: 0%
Magic:  7/7        EV: 10    Int: 15    God:    Lugonu [*.....]
Gold:   93         SH:  0    Dex: 14    Spells: 5/5 levels left

rFire    . . .     SeeInvis .   a - +1 spear
rCold    . . .     Faith    .   (no shield)
rNeg     . . .     Spirit   .   o - +0 scale mail
rPois    .         Reflect  .   n - -2 helmet (curse)
rElec    .         Harm     .   (no cloak)
rCorr    .         Rampage  .   (no gloves)
Will     +....                  c - +1 pair of boots
Stlth    ..........             (no amulet)
HPRegen  0.13/turn              k - ring of willpower
MPRegen  0.10/turn              l - ring of wizardry

@: no status effects
A: distributed training, fangs 1, strong nose
a: Renounce Religion, Depart the Abyss


You were on level 2 of the Dungeon.
You worshipped Lugonu.
Lugonu was aware of your devotion.
You visited 1 branch of the dungeon, and saw 2 of its levels.
You visited the Abyss 1 time.

You collected 93 gold pieces.

Inventory:

Hand Weapons
 a - a +1 spear (weapon)
Missiles
 h - 22 stones
 i - 10 arrows
 m - 19 bolts
Armour
 c - a +1 pair of boots (worn)
 n - a cursed -2 helmet (worn)
 o - a +0 scale mail (worn)
Jewellery
 b - a cursed amulet of inaccuracy {unknown}
 k - a ring of willpower (left hand)
 l - a ring of wizardry (right hand)
Scrolls
 d - 2 scrolls of identify
 e - a scroll of enchant armour
 g - 2 scrolls of teleportation
 j - 2 scrolls of fear
Potions
 f - 2 potions of curing


   Skills:
 + Level 6.5 Fighting
 + Level 1.0 Short Blades
 + Level 1.0 Long Blades
 + Level 1.0 Axes
 + Level 1.0 Maces & Flails
 + Level 4.6 Polearms
 + Level 1.0 Staves
 + Level 1.0 Slings
 + Level 1.0 Bows
 + Level 1.0 Crossbows
 + Level 1.0 Throwing
 + Level 4.6 Armour
 + Level 2.7 Dodging
 + Level 1.0 Stealth
 + Level 1.0 Shields
 + Level 1.0 Unarmed Combat
 + Level 1.0 Spellcasting
 + Level 0.7 Conjurations
 + Level 0.7 Hexes
 + Level 0.7 Summonings
 + Level 0.7 Necromancy
 + Level 0.7 Translocations
 + Level 0.7 Transmutations
 + Level 0.7 Fire Magic
 + Level 0.7 Ice Magic
 + Level 0.7 Air Magic
 + Level 0.7 Earth Magic
 + Level 0.7 Poison Magic
 + Level 4.6 Invocations
 + Level 1.0 Evocations


You had 5 spell levels left.
You didn't know any spells.
Your spell library was empty.

Dungeon Overview and Level Annotations

Branches:
Dungeon (2/15)

Altars:


Innate Abilities, Weirdness & Mutations

Your experience applies equally to all skills.
You have very sharp teeth.
Your uncanny sense of smell can sniff out nearby items.


Message History

You are too injured to fight recklessly!
You are too injured to fight recklessly!
You are too injured to fight recklessly!
You are too injured to fight recklessly!
You are too injured to fight recklessly!
You are too injured to fight recklessly!
You are too injured to fight recklessly!
You are too injured to fight recklessly!
You closely miss the ice beast.
The ice beast is heavily wounded.
The ice beast barely misses you.
You puncture the ice beast!
The ice beast is severely wounded.
The ice beast barely misses you.
You hit the ice beast.
The ice beast is almost dead.
The ice beast hits you.
* * * LOW HITPOINT WARNING * * *
The ice beast freezes you!
You die...

##################
#.................
#@################
#.Y.#..........#
###.#.#<...###.###
.#...#......... #
###.#..###.### #.
#.#...##.# #
#.###.##..##.# #
###.........##.###
..................


You could see an ice beast.

Vanquished Creatures
  Robin (D:2)
  A dart slug (D:2)
  5 leopard geckos
  4 bats
  2 giant cockroaches (D:1)
  5 goblins
  5 hobgoblins
  4 jackals (D:1)
  A ball python (D:1)
  A frilled lizard (D:1)
  3 kobolds
  4 rats
36 creatures vanquished.

Vanquished Creatures (others)
  12 starspawn tentacles (Abyss:1)
12 creatures vanquished.

Grand Total: 48 creatures vanquished

Notes
Turn   | Place    | Note
-------+----------+-------------------------------------------
     0 | Abyss:1  | DungeonDestroyer the Gnoll Abyssal Knight began the quest
                  | for the Orb.
     0 | Abyss:1  | Reached XP level 1. HP: 23/23 MP: 3/3
    51 | Abyss:1  | Noticed a tentacled starspawn
    76 | Abyss:1  | Noticed an iron imp
   104 | Abyss:1  | Noticed a tentacled starspawn
   111 | Abyss:1  | Noticed a ynoxinul
   147 | D:1      | Escaped the Abyss
   147 | D:1      | Noticed a vampire
   147 | D:1      | Noticed an octopode
   444 | D:1      | Noticed a centaur
   446 | D:1      | Noticed a spriggan
   446 | D:1      | Noticed a vampire
   449 | D:1      | Noticed an ogre
   451 | D:1      | Noticed an elf
   453 | D:1      | Noticed a minotaur
   453 | D:1      | Noticed a human
   455 | D:1      | Noticed a troll
   457 | D:1      | Noticed a draconian
   457 | D:1      | Noticed an elf
   457 | D:1      | Noticed a vampire
   460 | D:1      | Noticed a gargoyle
   460 | D:1      | Noticed a vine stalker
   462 | D:1      | Noticed a vampire
   575 | D:1      | Reached XP level 2. HP: 29/29 MP: 5/5
   583 | D:1      | Reached * piety under Lugonu
   833 | D:1      | Reached XP level 3. HP: 35/35 MP: 6/6
  1366 | D:2      | Noticed Robin
  1381 | D:2      | Killed Robin
  1382 | D:2      | Reached skill level 1 in Short Blades
  1382 | D:2      | Reached skill level 1 in Long Blades
  1382 | D:2      | Reached skill level 1 in Axes
  1382 | D:2      | Reached skill level 1 in Maces & Flails
  1382 | D:2      | Reached skill level 1 in Staves
  1382 | D:2      | Reached skill level 1 in Slings
  1382 | D:2      | Reached skill level 1 in Bows
  1382 | D:2      | Reached skill level 1 in Crossbows
  1382 | D:2      | Reached skill level 1 in Throwing
  1382 | D:2      | Reached skill level 1 in Stealth
  1382 | D:2      | Reached skill level 1 in Shields
  1382 | D:2      | Reached skill level 1 in Unarmed Combat
  1382 | D:2      | Reached skill level 1 in Spellcasting
  1382 | D:2      | Reached skill level 1 in Evocations
  1483 | D:2      | Noticed an ice beast
  1486 | D:2      | Reached XP level 4. HP: 41/41 MP: 7/7
  1495 | D:2      | Mangled by an ice beast

Illustrated notes

Levels and vault maps discovered:
D:1:      shiori_arrival_whats_in_store_for_you, layout_rooms
D:2:      layout_basic, uniq_robin

Skill      XL: |  1  2  3 |
---------------+----------+-----
Short Blades   | 1 |  1.0
Long Blades    | 1 |  1.0
Axes           | 1 |  1.0
Maces & Flails | 1 |  1.0
Staves         | 1 |  1.0
Slings         | 1 |  1.0
Bows           | 1 |  1.0
Crossbows      | 1 |  1.0
Throwing       | 1 |  1.0
Stealth        | 1 |  1.0
Shields        | 1 |  1.0
Unarmed Combat | 1 |  1.0
Spellcasting   | 1 |  1.0
Evocations     | 1 |  1.0
Fighting       | |  6.5
Polearms       | |  4.6
Armour         | |  4.6
Dodging        | |  2.7
Conjurations   | |  0.7
Hexes          | |  0.7
Summonings     | |  0.7
Necromancy     | |  0.7
Translocations | |  0.7
Transmutations | |  0.7
Fire Magic     | |  0.7
Ice Magic      | |  0.7
Air Magic      | |  0.7
Earth Magic    | |  0.7
Poison Magic   | |  0.7
Invocations    | |  4.6

Action                   |  1- 3 |  4- 6 || total
-------------------------+-------+-------++-------
Melee: Spear             |   111 |    10 ||   121
       Bite              |    13 |       ||    13
       Punch             |     1 |       ||     1
Invok: Depart the Abyss  |     1 |       ||     1
  Use: Scroll            |     5 |       ||     5
       Potion            |     1 |       ||     1
 Stab: Sleeping          |     1 |       ||     1
Armor: Leather armour    |    33 |       ||    33
       Scale mail        |     8 |       ||     8
Dodge: Dodged            |    86 |     4 ||    90

Table legend: (Time is in decaauts)
 A = Elapsed time spent in this place.
 B = Non-inter-level travel time spent in this place.
 C = Inter-level travel time spent in this place.
 D = Time resting spent in this place.
 E = Time spent auto-exploring this place.
 F = Levels seen in this place.
 G = Mean time per level.
                   A        B        C        D        E       F      G
               +--------+--------+--------+--------+--------+-----+--------+
         Total |   1479 |   1461 |     18 |    289 |    821 |   3 |  493.0 |
       Dungeon |   1332 |   1314 |     18 |    289 |    771 |   2 |  666.0 |
         Abyss |    147 |    147 |      0 |      0 |     50 |   1 |  147.0 |
               +--------+--------+--------+--------+--------+-----+--------+

Top non-repeatable levels by time:
     D:1: 911 daAuts
     D:2: 421 daAuts
 Abyss:1: 147 daAuts
